 Dungeon Crawl Stone Soup version 0.28.0-43-g3370ac3207 (webtiles) character file.

Game seed: 292016811531383102

16 jimonade the Thrower (level 2, 0/20 HPs)
             Began as a Gnoll Wanderer on Mar 17, 2022.
             Slain by a frilled lizard (2 damage)
             ... on level 1 of the Dungeon.
             The game lasted 00:01:48 (828 turns).

jimonade the Thrower (Gnoll Wanderer)                Turns: 828, Time: 00:01:48

Health: 0/20       AC:  3    Str:  8    XL:     2   Next: 54%
Magic:  2/2        EV: 11    Int:  9    God:
Gold:   9          SH:  0    Dex: 16    Spells: 1/1 levels left

rFire   . . .      SeeInvis .   a - +2 dagger
rCold   . . .      Faith    .   (no shield)
rNeg    . . .      Spirit   .   e - +0 robe
rPois   .          Reflect  .   (no helmet)
rElec   .          Harm     .   (no cloak)
rCorr   .          Rampage  .   d - +0 pair of gloves
Will    .....                   (no boots)
Stlth   +++.......              (no amulet)
HPRegen 0.06/turn               (no ring)
MPRegen 0.08/turn               (no ring)

@: lethally poisoned (0 -> -6)
A: fangs 1, strong nose, distributed training
a: no special abilities


You were on level 1 of the Dungeon.
You visited 1 branch of the dungeon, and saw 1 of its levels.

You collected 9 gold pieces.

Inventory:

Hand Weapons
 a - a +2 dagger (weapon)
Missiles
 b - 4 curare-tipped darts (quivered)
 f - 7 sling bullets
 i - 21 bolts
Armour
 d - a +0 pair of gloves (worn)
 e - a +0 robe (worn)
Jewellery
 l - an amulet of magic regeneration
Scrolls
 c - a scroll of teleportation
 j - a scroll of fear {unknown}
 k - a scroll of immolation {unknown}
Potions
 g - a potion of might {unknown}
 h - a potion of curing {unknown}


   Skills:
 + Level 0.4 Fighting
 + Level 0.4 Short Blades
 + Level 0.4 Long Blades
 + Level 0.4 Axes
 + Level 0.4 Maces & Flails
 + Level 0.4 Polearms
 + Level 0.4 Staves
 + Level 0.4 Slings
 + Level 0.4 Bows
 + Level 0.4 Crossbows
 + Level 10.4 Throwing
 + Level 0.4 Armour
 + Level 0.4 Dodging
 + Level 5.9 Stealth
 + Level 0.4 Shields
 + Level 2.5 Unarmed Combat
 + Level 0.4 Spellcasting
 + Level 0.2 Conjurations
 + Level 0.2 Hexes
 + Level 0.2 Summonings
 + Level 0.2 Necromancy
 + Level 0.2 Translocations
 + Level 0.2 Transmutations
 + Level 0.2 Fire Magic
 + Level 0.2 Ice Magic
 + Level 0.2 Air Magic
 + Level 0.2 Earth Magic
 + Level 0.2 Poison Magic
 + Level 0.5 Invocations
 + Level 2.5 Evocations


You had one spell level left.
You didn't know any spells.
Your spell library was empty.

Dungeon Overview and Level Annotations

Branches:
Dungeon (1/15)

Altars:


Innate Abilities, Weirdness & Mutations

You have very sharp teeth.
Your uncanny sense of smell can sniff out nearby items.
Your experience applies equally to all skills.


Message History

The giant cockroach barely misses you.
You hit the giant cockroach but do no damage.
Your bite misses the giant cockroach.
The giant cockroach is almost dead.
The giant cockroach completely misses you.
You barely miss the giant cockroach. Your bite misses the giant cockroach.
The giant cockroach is almost dead.
The giant cockroach closely misses you.
You hit the giant cockroach but do no damage.
The giant cockroach is almost dead.
The giant cockroach misses you.
You hit the giant cockroach.
You kill the giant cockroach!
l - an amulet of magic regeneration 2 kobolds come into view.
A kobold is wielding a +0 short sword of venom.
The kobold shouts!
A frilled lizard comes into view.
The frilled lizard hisses angrily.
The kobold barely misses you. The kobold barely misses you.
You barely miss the kobold.
The kobold hits you with a +0 short sword of venom.
You are lethally poisoned!
You hit the kobold.
You kill the kobold!
You feel very sick.
There are no items here.
You closely miss the frilled lizard.
You feel very sick. The frilled lizard bites you.
* * * LOW HITPOINT WARNING * * *
You barely miss the frilled lizard.
You bite the frilled lizard, but do no damage.
* * * LOW HITPOINT WARNING * * *
You feel sick. The frilled lizard barely misses you.
You closely miss the frilled lizard.
* * * LOW HITPOINT WARNING * * *
You feel sick. The frilled lizard bites you.
You die...

##############
#............#
#.##########.#
#.# #.# #.# #.#
#.# #.# ##.#
#@# #..# #l#
#.##
#######K####.#
#.#
#............#
#.#
#.##.##$.......
#.# # #.#######
#.# #.# #.# #.#
#.# #.#


You could see a kobold and a frilled lizard.

Vanquished Creatures
  A dart slug (D:1)
  3 endoplasms (D:1)
  2 giant cockroaches (D:1)
  A hobgoblin (D:1)
  A quokka (D:1)
  A goblin (D:1)
  2 kobolds (D:1)
  2 rats (D:1)
13 creatures vanquished.

Notes
Turn   | Place    | Note
-------+----------+-------------------------------------------
     0 | D:1      | Reached skill level 10 in Throwing
     0 | D:1      | jimonade the Gnoll Wanderer began the quest for the Orb.
     0 | D:1      | jimonade set off with the following items: a +2 dagger, 4
                  | curare-tipped darts, a scroll of teleportation, a +0 pair
                  | of gloves, a +0 robe
     0 | D:1      | Reached XP level 1. HP: 13/13 MP: 1/1
   377 | D:1      | Reached XP level 2. HP: 5/19 MP: 2/2
   828 | D:1      | Slain by a frilled lizard

Illustrated notes

Levels and vault maps discovered:
D:1:      roderic_lyre, layout_loops_ring

Skill      XL: | |
---------------+-+-----
Throwing       | | 10.4
Fighting       | |  0.4
Short Blades   | |  0.4
Long Blades    | |  0.4
Axes           | |  0.4
Maces & Flails | |  0.4
Polearms       | |  0.4
Staves         | |  0.4
Slings         | |  0.4
Bows           | |  0.4
Crossbows      | |  0.4
Armour         | |  0.4
Dodging        | |  0.4
Stealth        | |  5.9
Shields        | |  0.4
Unarmed Combat | |  2.5
Spellcasting   | |  0.4
Conjurations   | |  0.2
Hexes          | |  0.2
Summonings     | |  0.2
Necromancy     | |  0.2
Translocations | |  0.2
Transmutations | |  0.2
Fire Magic     | |  0.2
Ice Magic      | |  0.2
Air Magic      | |  0.2
Earth Magic    | |  0.2
Poison Magic   | |  0.2
Invocations    | |  0.5
Evocations     | |  2.5

Action                   || total
-------------------------++-------
Melee: Dagger            ||    35
       Bite              ||     3
 Stab: Sleeping          ||     6
       Distracted        ||     1
Armor: Robe              ||     2
Dodge: Dodged            ||    19
